RedWings vs Lightning

Created - October-04-14 at 10:18

Simulating a Pre-Season

Goals
1 2 3 T
RedWings 1 2 0 3
Lightning 2 0 0 2
Shots
1 2 3 T
RedWings 10 12 6 28
Lightning 14 10 13 37

1st period

1. RedWings , Andrew Cogliano 2 (Eric Brewer, Sean Bergenheim) at 2:37 (PP)
2. Lightning , Andrej Sekera 4 (Henrik Sedin, Patrick Kane) at 7:40 (PP)
3. Lightning , Brent Seabrook 2 (Andrej Sekera, Henrik Sedin) at 8:24

Penalties :
Erik Gudbranson (TBL) for Tripping (Minor) at 1:09, Ondrej Palat (DET) for Hooking (Minor) at 6:54

2nd period

4. RedWings , Sean Bergenheim 4 (Andrew Cogliano, Jake Gardiner) at 0:27
5. RedWings , Alexandre Burrows 1 (Ondrej Palat, Joe Thornton) at 0:57

Penalties :
Henrik Sedin (TBL) for Roughing (Minor) at 2:17, Alex Stalock (TBL) for Slashing (Minor) at 3:47 - Luca Sbisa served the penalty., Mark Fraser (DET) for Hooking (Minor) at 6:09, Eric Brewer (DET) for Holding (Minor) at 10:15, Alexandre Burrows (DET) for Hooking (Minor) at 18:46

3rd period

No Goal

Penalties :
Alexandre Burrows (DET) for Roughing (Minor) at 11:35, Curtis Glencross (TBL) for Hooking (Minor) at 15:52

Goalie Stats

Thomas Greiss (DET), 35 saves from 37 shots - (0.946), W, 1-1-0, 60:00 minutes
Alex Stalock (TBL), 25 saves from 28 shots - (0.893), L, 2-1-0, 59:01 minutes

Players Stats for RedWings

Player Name              G  A  P  +/- PIM S  H  SB GA TA FO     MP     PP MP  PK MP  
------------------------------------------------------------------------------------
Alexandre Burrows        1  0  1   0  4   4  4  0  0  0  0/0    24:13   3:28   0:59 
Andrew Cogliano          1  1  2   1  0   2  1  0  0  0  15/23  21:26   3:28   4:14 
Casey Cizikas            0  0  0   0  0   3  1  0  0  0  7/14   11:24   0:00   0:28 
Chris Summers            0  0  0   0  0   1  1  1  0  0  0/0     8:44   0:00   0:54 
Eric Brewer              0  1  1   1  2   1  2  1  0  0  0/0    19:23   3:28   3:33 
Eric Gryba               0  0  0   0  0   1  3  0  0  0  0/0    14:41   3:28   3:22 
Jake Gardiner            0  1  1   0  0   1  2  1  0  0  0/0    18:39   0:00   0:24 
Joe Thornton             0  1  1   1  0   2  0  0  0  0  16/32  21:33   3:28   4:33 
Keith Yandle             0  0  0   0  0   0  1  2  0  0  0/0    27:03   3:28   5:20 
Kevin Connauton          0  0  0   0  0   0  0  0  0  0  0/0     5:54   0:00   0:00 
Mark Arcobello           0  0  0  -1  0   2  1  0  0  0  6/16    9:27   0:00   0:00 
Mark Fraser              0  0  0   0  2   0  0  0  0  0  0/0     5:53   0:00   0:00 
Ondrej Palat             0  1  1   1  2   4  1  0  0  0  1/2    22:23   3:28   5:45 
Paul Martin              0  0  0   1  0   0  0  1  0  0  0/0    19:41   3:28   3:51 
Sam Gagner               0  0  0   0  0   0  1  0  0  0  2/2    12:12   0:00   0:46 
Sean Bergenheim          1  1  2   1  0   2  2  0  0  0  0/1    14:55   3:28   0:39 
Tyler Toffoli            0  0  0   1  0   4  0  0  0  0  0/1    24:15   3:28   0:00 
Ville Leino              0  0  0  -1  0   1  0  1  0  0  0/0     9:27   0:00   0:00 

Players Stats for Lightning

Player Name              G  A  P  +/- PIM S  H  SB GA TA FO     MP     PP MP  PK MP  
------------------------------------------------------------------------------------
Andrej Sekera            1  1  2   1  0   2  0  2  0  0  0/0    24:31   5:52   3:22 
Brad Richards            0  0  0   0  0   2  0  1  0  0  14/28  20:39   2:50   2:26 
Brent Seabrook           1  0  1   0  0   2  2  1  0  0  0/0    26:23   5:52   3:20 
Cam Atkinson             0  0  0   0  0   5  1  0  0  0  2/5    20:32   2:50   2:19 
Curtis Glencross         0  0  0   0  2   2  4  0  0  0  0/1    22:03   5:52   0:20 
David Schlemko           0  0  0   0  0   2  1  0  0  0  0/0    11:20   0:00   0:00 
Eric Fehr                0  0  0   0  0   0  1  0  0  0  0/0     4:11   0:00   0:00 
Erik Gudbranson          0  0  0  -1  2   1  2  0  0  0  0/0    20:55   2:50   2:46 
Henrik Sedin             0  2  2   0  2   1  1  0  0  0  20/34  24:47   5:52   3:04 
Jason Chimera            0  0  0  -1  0   1  1  0  0  0  0/0     8:56   0:00   0:00 
Luca Sbisa               0  0  0  -1  0   2  1  1  0  0  0/0    20:59   2:50   2:18 
Maxim Lapierre           0  0  0   0  0   2  0  0  0  0  1/5     4:11   0:00   0:00 
Maxime Talbot            0  0  0  -1  0   2  3  0  0  0  0/0    13:07   0:00   0:00 
Patrick Kane             0  1  1   0  0   6  0  0  0  0  3/4    25:16   5:52   3:32 
Scott Hannan             0  0  0   0  0   2  1  0  0  0  0/0    12:10   0:00   0:50 
Teddy Purcell            0  0  0   0  0   3  2  0  0  0  0/1    18:13   2:50   0:00 
Tim Gleason              0  0  0  -1  0   0  0  1  0  0  0/0     3:41   0:00   1:16 
Tomas Plekanec           0  0  0  -1  0   2  0  0  0  0  4/13   10:38   0:00   1:42 

3 Stars

1 - Sean Bergenheim (DET)
2 - Andrew Cogliano (DET)
3 - Andrej Sekera (TBL)

Power Play

RedWings - 1 on 4 Attempt(s) - 25.00%
Lightning - 1 on 5 Attempt(s) - 20.00%

Penalty Kill

RedWings - 4 on 5 Attempt(s) - 80.00% - Score 0 goal in Penalty Kill
Lightning - 3 on 4 Attempt(s) - 75.00% - Score 0 goal in Penalty Kill

Official

Referees : Kyle Rehman and Dave Jackson
Linesman : Jonny Murray and Brad Lazarowich

Game Notes

No Game Note

% Time on Ice - RedWings

Lines # - Real PCT - Wanted PCT - Time Play
Normal Forward
1 - 30% - 45% - 13:10
2 - 24% - 35% - 10:48
3 - 25% - 15% - 10:56
4 - 21% - 5% - 9:27
Normal Defense
1 - 41% - 40% - 18:15
2 - 28% - 30% - 12:22
3 - 18% - 20% - 7:50
4 - 13% - 10% - 5:54
PP Forward
1 - 50% - 60% - 3:28
2 - 50% - 40% - 3:28
PP Defense
1 - 50% - 60% - 3:28
2 - 50% - 40% - 3:28
PK Forward
1 - 70% - 60% - 6:08
2 - 30% - 40% - 2:34
PK Defense
1 - 61% - 60% - 5:20
2 - 39% - 40% - 3:22
PK3 Forward
1 - 0% - 60%
2 - 0% - 40%
PK3 Defense
1 - 0% - 60%
2 - 0% - 40%
44 Forward
1 - 0% - 60%
2 - 0% - 40%
44 Defense
1 - 0% - 60%
2 - 0% - 40%
Last Minute Offensive  - 0:00
Last Minute Defensive  - 0:01
Total
Forward - 60:00
Defense - 60:00

% Time on Ice - Lightning

Lines # - Real PCT - Wanted PCT - Time Play
Normal Forward
1 - 35% - 40% - 15:20
2 - 35% - 30% - 15:23
3 - 20% - 20% - 8:56
4 - 10% - 10% - 4:11
Normal Defense
1 - 34% - 40% - 14:45
2 - 35% - 30% - 15:20
3 - 26% - 20% - 11:20
4 - 6% - 10% - 2:25
PP Forward
1 - 67% - 60% - 5:52
2 - 33% - 40% - 2:50
PP Defense
1 - 67% - 60% - 5:52
2 - 33% - 40% - 2:50
PK Forward
1 - 74% - 60% - 4:45
2 - 26% - 40% - 1:42
PK Defense
1 - 51% - 60% - 3:17
2 - 49% - 40% - 3:10
PK3 Forward
1 - 52% - 60% - 0:15
2 - 48% - 40% - 0:14
PK3 Defense
1 - 10% - 60% - 0:03
2 - 90% - 40% - 0:26
44 Forward
1 - 0% - 60%
2 - 0% - 40%
44 Defense
1 - 0% - 60%
2 - 0% - 40%
Last Minute Offensive  - 0:32
Last Minute Defensive  - 0:00
Total
Forward - 60:00
Defense - 60:00

Play by Play

1st period


0:01 of 1st period - Joe Thornton wins face-off versus Patrick Kane in neutral zone.
0:24 of 1st period - Icing by Andrej Sekera.
0:25 of 1st period - Henrik Sedin wins face-off versus Andrew Cogliano in Lightning zone.
1:09 of 1st period - Minor Penalty to Erik Gudbranson for Tripping.
1:10 of 1st period - Joe Thornton wins face-off versus Henrik Sedin in Lightning zone.
1:15 of 1st period - Shot by Joe Thornton.
1:15 of 1st period - Shot Blocked by Tim Gleason.
2:00 of 1st period - Icing by Eric Gryba.
2:01 of 1st period - Andrew Cogliano wins face-off versus Henrik Sedin in RedWings zone.
2:03 of 1st period - Icing by Eric Brewer.
2:04 of 1st period - Henrik Sedin wins face-off versus Andrew Cogliano in RedWings zone.
2:13 of 1st period - Shot by Eric Gryba.
2:13 of 1st period - Stopped by Alex Stalock with a rebound.
2:21 of 1st period - Shot by Eric Brewer.
2:21 of 1st period - Shot Misses the Net.
2:37 of 1st period - Shot by Andrew Cogliano.
2:37 of 1st period - Goal by Andrew Cogliano - RedWings : 1 - Lightning : 0.
2:38 of 1st period - Joe Thornton wins face-off versus Brad Richards in neutral zone.
2:38 of 1st period - Ondrej Palat is hit by Cam Atkinson and loses puck.
2:49 of 1st period - Shot by Cam Atkinson.
2:49 of 1st period - Stopped by Thomas Greiss without a rebound.
2:50 of 1st period - Joe Thornton wins face-off versus Tomas Plekanec in RedWings zone.
4:44 of 1st period - Shot by Henrik Sedin.
4:44 of 1st period - Shot Misses the Net.
5:11 of 1st period - Icing by Chris Summers.
5:12 of 1st period - Andrew Cogliano wins face-off versus Maxim Lapierre in RedWings zone.
5:19 of 1st period - Shot by Eric Fehr.
5:19 of 1st period - Shot Misses the Net.
5:21 of 1st period - Shot by Maxime Talbot.
5:21 of 1st period - Shot Misses the Net.
6:40 of 1st period - Shot by Joe Thornton.
6:40 of 1st period - Shot Blocked by Luca Sbisa.
6:46 of 1st period - Eric Brewer is hit by Maxime Talbot and loses puck.
6:54 of 1st period - Minor Penalty to Ondrej Palat for Hooking.
6:55 of 1st period - Henrik Sedin wins face-off versus Joe Thornton in RedWings zone.
6:55 of 1st period - Andrej Sekera is hit by Eric Brewer and loses puck.
7:20 of 1st period - Shot by Henrik Sedin.
7:20 of 1st period - Shot Misses the Net.
7:40 of 1st period - Shot by Andrej Sekera.
7:40 of 1st period - Goal by Andrej Sekera - RedWings : 1 - Lightning : 1.
7:41 of 1st period - Brad Richards wins face-off versus Mark Arcobello in neutral zone.
7:41 of 1st period - David Schlemko is hit by Mark Arcobello and loses puck.
7:46 of 1st period - Shot by David Schlemko.
7:46 of 1st period - Stopped by Thomas Greiss without a rebound.
7:47 of 1st period - Cam Atkinson wins face-off versus Mark Arcobello in RedWings zone.
8:00 of 1st period - Shot by Cam Atkinson.
8:00 of 1st period - Shot Misses the Net.
8:02 of 1st period - Shot by Scott Hannan.
8:02 of 1st period - Stopped by Thomas Greiss without a rebound.
8:03 of 1st period - Henrik Sedin wins face-off versus Mark Arcobello in RedWings zone.
8:08 of 1st period - Shot by Patrick Kane.
8:08 of 1st period - Stopped by Thomas Greiss with a rebound.
8:20 of 1st period - Shot by Henrik Sedin.
8:20 of 1st period - Shot Blocked by Ville Leino.
8:22 of 1st period - Shot by Andrej Sekera.
8:22 of 1st period - Shot Blocked by Jake Gardiner.
8:24 of 1st period - Shot by Brent Seabrook.
8:24 of 1st period - Goal by Brent Seabrook - RedWings : 1 - Lightning : 2.
8:25 of 1st period - Brad Richards wins face-off versus Casey Cizikas in neutral zone.
8:36 of 1st period - Shot by Cam Atkinson.
8:36 of 1st period - Stopped by Thomas Greiss without a rebound.
8:37 of 1st period - Tomas Plekanec wins face-off versus Joe Thornton in RedWings zone.
8:41 of 1st period - Icing by Jake Gardiner.
8:42 of 1st period - Henrik Sedin wins face-off versus Joe Thornton in RedWings zone.
8:44 of 1st period - Patrick Kane is hit by Jake Gardiner and loses puck.
9:11 of 1st period - Shot by Ondrej Palat.
9:11 of 1st period - Stopped by Alex Stalock without a rebound.
9:12 of 1st period - Sam Gagner wins face-off versus Brad Richards in Lightning zone.
9:16 of 1st period - Tyler Toffoli is hit by David Schlemko and loses puck.
9:29 of 1st period - Paul Martin is hit by Scott Hannan and loses puck.
10:19 of 1st period - Shot by Keith Yandle.
10:19 of 1st period - Shot Blocked by Andrej Sekera.
10:21 of 1st period - Shot by Jake Gardiner.
10:21 of 1st period - Stopped by Alex Stalock without a rebound.
10:22 of 1st period - Tomas Plekanec wins face-off versus Mark Arcobello in Lightning zone.
10:29 of 1st period - Shot by Maxime Talbot.
10:29 of 1st period - Shot Misses the Net.
10:53 of 1st period - Shot by Tomas Plekanec.
10:53 of 1st period - Stopped by Thomas Greiss without a rebound.
10:54 of 1st period - Andrew Cogliano wins face-off versus Henrik Sedin in RedWings zone.
10:54 of 1st period - Andrew Cogliano is hit by Curtis Glencross.
12:02 of 1st period - Paul Martin is hit by Teddy Purcell and loses puck.
12:17 of 1st period - Shot by Cam Atkinson.
12:17 of 1st period - Stopped by Thomas Greiss with a rebound.
12:19 of 1st period - Shot by Scott Hannan.
12:19 of 1st period - Shot Misses the Net.
12:21 of 1st period - Shot by Scott Hannan.
12:21 of 1st period - Stopped by Thomas Greiss without a rebound.
12:22 of 1st period - Mark Arcobello wins face-off versus Tomas Plekanec in RedWings zone.
12:22 of 1st period - Alexandre Burrows is hit by Jason Chimera and loses puck.
12:31 of 1st period - Shot by Ville Leino.
12:31 of 1st period - Deflect By Alexandre Burrows.
12:31 of 1st period - Stopped by Alex Stalock without a rebound.
12:32 of 1st period - Joe Thornton wins face-off versus Tomas Plekanec in Lightning zone.
13:01 of 1st period - Shot by Tomas Plekanec.
13:01 of 1st period - Shot Blocked by Chris Summers.
15:08 of 1st period - Shot by Teddy Purcell.
15:08 of 1st period - Deflect By Brad Richards.
15:08 of 1st period - Shot Misses the Net.
15:10 of 1st period - Shot by David Schlemko.
15:10 of 1st period - Stopped by Thomas Greiss without a rebound.
15:11 of 1st period - Andrew Cogliano wins face-off versus Tomas Plekanec in RedWings zone.
15:11 of 1st period - Andrew Cogliano is hit by Maxime Talbot.
15:31 of 1st period - Shot by Jason Chimera.
15:31 of 1st period - Stopped by Thomas Greiss without a rebound.
15:32 of 1st period - Brad Richards wins face-off versus Joe Thornton in RedWings zone.
15:32 of 1st period - Teddy Purcell is hit by Eric Gryba and loses puck.
15:47 of 1st period - Shot by Cam Atkinson.
15:47 of 1st period - Stopped by Thomas Greiss with a rebound.
16:07 of 1st period - Shot by Joe Thornton.
16:07 of 1st period - Shot Misses the Net.
16:14 of 1st period - Brad Richards is hit by Eric Gryba and loses puck.
16:40 of 1st period - Shot by Jason Chimera.
16:40 of 1st period - Shot Misses the Net.
16:48 of 1st period - Shot by Maxime Talbot.
16:48 of 1st period - Stopped by Thomas Greiss without a rebound.
16:49 of 1st period - Mark Arcobello wins face-off versus Henrik Sedin in RedWings zone.
16:51 of 1st period - Icing by Paul Martin.
16:52 of 1st period - Patrick Kane wins face-off versus Mark Arcobello in RedWings zone.
17:11 of 1st period - Shot by Mark Arcobello.
17:11 of 1st period - Stopped by Alex Stalock with a rebound.
17:27 of 1st period - Shot by Ville Leino.
17:27 of 1st period - Stopped by Alex Stalock without a rebound.
17:28 of 1st period - Sam Gagner wins face-off versus Teddy Purcell in Lightning zone.
17:29 of 1st period - Shot by Casey Cizikas.
17:29 of 1st period - Stopped by Alex Stalock without a rebound.
17:30 of 1st period - Casey Cizikas wins face-off versus Brad Richards in Lightning zone.
18:08 of 1st period - Andrej Sekera is hit by Sam Gagner and loses puck.
18:46 of 1st period - Off-side.
18:47 of 1st period - Ondrej Palat wins face-off versus Tomas Plekanec in neutral zone.
18:56 of 1st period - Icing by Tomas Plekanec.
18:57 of 1st period - Joe Thornton wins face-off versus Tomas Plekanec in Lightning zone.
19:00 of 1st period - Shot by Ondrej Palat.
19:00 of 1st period - Deflect By Alexandre Burrows.
19:00 of 1st period - Stopped by Alex Stalock without a rebound.
19:01 of 1st period - Joe Thornton wins face-off versus Henrik Sedin in Lightning zone.
19:02 of 1st period - Shot by Ondrej Palat.
19:02 of 1st period - Shot Hit the Post.
19:37 of 1st period - Joe Thornton is hit by Brent Seabrook.
19:39 of 1st period - Shot by Ondrej Palat.
19:39 of 1st period - Stopped by Alex Stalock without a rebound.
19:40 of 1st period - Brad Richards wins face-off versus Andrew Cogliano in Lightning zone.
19:54 of 1st period - Andrew Cogliano is hit by Erik Gudbranson and loses puck.
Goals for this period are 1 for RedWings vs 2 for Lightning.
Shots for this period are 10 for RedWings vs 14 for Lightning.

2nd period


0:01 of 2nd period - Andrew Cogliano wins face-off versus Henrik Sedin in neutral zone.
0:23 of 2nd period - Shot by Andrew Cogliano.
0:23 of 2nd period - Shot Blocked by Brent Seabrook.
0:27 of 2nd period - Shot by Sean Bergenheim.
0:27 of 2nd period - Goal by Sean Bergenheim - RedWings : 2 - Lightning : 2.
0:28 of 2nd period - Tomas Plekanec wins face-off versus Joe Thornton in neutral zone.
0:33 of 2nd period - Paul Martin is hit by Maxime Talbot and loses puck.
0:45 of 2nd period - Shot by Ondrej Palat.
0:45 of 2nd period - Shot Misses the Net.
0:57 of 2nd period - Shot by Alexandre Burrows.
0:57 of 2nd period - Goal by Alexandre Burrows - RedWings : 3 - Lightning : 2.
0:58 of 2nd period - Henrik Sedin wins face-off versus Sean Bergenheim in neutral zone.
1:00 of 2nd period - Patrick Kane is hit by Keith Yandle and loses puck.
1:10 of 2nd period - Keith Yandle is hit by Henrik Sedin and loses puck.
1:27 of 2nd period - Shot by Patrick Kane.
1:27 of 2nd period - Shot Misses the Net.
1:30 of 2nd period - Icing by Jake Gardiner.
1:31 of 2nd period - Brad Richards wins face-off versus Andrew Cogliano in RedWings zone.
1:34 of 2nd period - Shot by Teddy Purcell.
1:34 of 2nd period - Shot Misses the Net.
1:49 of 2nd period - Icing by Teddy Purcell.
1:50 of 2nd period - Joe Thornton wins face-off versus Brad Richards in Lightning zone.
1:50 of 2nd period - Joe Thornton is hit by Erik Gudbranson.
2:10 of 2nd period - Shot by Joe Thornton.
2:10 of 2nd period - Stopped by Alex Stalock without a rebound.
2:11 of 2nd period - Henrik Sedin wins face-off versus Mark Arcobello in Lightning zone.
2:16 of 2nd period - Paul Martin is hit by Curtis Glencross and loses puck.
2:17 of 2nd period - Minor Penalty to Henrik Sedin for Roughing.
2:18 of 2nd period - Cam Atkinson wins face-off versus Tyler Toffoli in Lightning zone.
2:31 of 2nd period - Shot by Keith Yandle.
2:31 of 2nd period - Shot Blocked by Andrej Sekera.
2:33 of 2nd period - Shot by Andrew Cogliano.
2:33 of 2nd period - Stopped by Alex Stalock without a rebound.
2:34 of 2nd period - Joe Thornton wins face-off versus Cam Atkinson in Lightning zone.
2:38 of 2nd period - Ondrej Palat is hit by Luca Sbisa and loses puck.
3:37 of 2nd period - Brent Seabrook is hit by Sean Bergenheim.
3:47 of 2nd period - Shot by Tyler Toffoli.
3:47 of 2nd period - Stopped by Alex Stalock without a rebound.
3:47 of 2nd period - Minor Penalty to Alex Stalock for Slashing.
3:48 of 2nd period - Andrew Cogliano wins face-off versus Curtis Glencross in Lightning zone.
5:52 of 2nd period - Shot by Maxim Lapierre.
5:52 of 2nd period - Stopped by Thomas Greiss without a rebound.
5:53 of 2nd period - Mark Arcobello wins face-off versus Tomas Plekanec in RedWings zone.
6:09 of 2nd period - Minor Penalty to Mark Fraser for Hooking.
6:10 of 2nd period - Henrik Sedin wins face-off versus Andrew Cogliano in RedWings zone.
7:37 of 2nd period - Shot by Brad Richards.
7:37 of 2nd period - Shot Misses the Net.
7:39 of 2nd period - Shot by Erik Gudbranson.
7:39 of 2nd period - Stopped by Thomas Greiss without a rebound.
7:40 of 2nd period - Henrik Sedin wins face-off versus Casey Cizikas in RedWings zone.
8:22 of 2nd period - Shot by Casey Cizikas.
8:22 of 2nd period - Stopped by Alex Stalock with a rebound.
8:24 of 2nd period - Shot by Tyler Toffoli.
8:24 of 2nd period - Stopped by Alex Stalock without a rebound.
8:25 of 2nd period - Mark Arcobello wins face-off versus Brad Richards in Lightning zone.
8:32 of 2nd period - Shot by Mark Arcobello.
8:32 of 2nd period - Stopped by Alex Stalock without a rebound.
8:33 of 2nd period - Brad Richards wins face-off versus Casey Cizikas in Lightning zone.
8:45 of 2nd period - Icing by Mark Fraser.
8:46 of 2nd period - Casey Cizikas wins face-off versus Maxim Lapierre in RedWings zone.
8:46 of 2nd period - Casey Cizikas is hit by Eric Fehr.
8:54 of 2nd period - Shot by Casey Cizikas.
8:54 of 2nd period - Stopped by Alex Stalock with a rebound.
8:56 of 2nd period - Shot by Kevin Connauton.
8:56 of 2nd period - Shot Misses the Net.
8:58 of 2nd period - Shot by Tyler Toffoli.
8:58 of 2nd period - Stopped by Alex Stalock with a rebound.
9:10 of 2nd period - Shot by Tyler Toffoli.
9:10 of 2nd period - Stopped by Alex Stalock without a rebound.
9:11 of 2nd period - Henrik Sedin wins face-off versus Joe Thornton in Lightning zone.
9:39 of 2nd period - Off-side.
9:40 of 2nd period - Andrew Cogliano wins face-off versus Cam Atkinson in neutral zone.
10:15 of 2nd period - Minor Penalty to Eric Brewer for Holding.
10:16 of 2nd period - Henrik Sedin wins face-off versus Andrew Cogliano in RedWings zone.
10:43 of 2nd period - Shot by Patrick Kane.
10:43 of 2nd period - Stopped by Thomas Greiss without a rebound.
10:44 of 2nd period - Joe Thornton wins face-off versus Brad Richards in RedWings zone.
11:00 of 2nd period - Icing by Erik Gudbranson.
11:01 of 2nd period - Joe Thornton wins face-off versus Brad Richards in Lightning zone.
11:54 of 2nd period - Shot by Andrej Sekera.
11:54 of 2nd period - Shot Misses the Net.
12:24 of 2nd period - Shot by Tyler Toffoli.
12:24 of 2nd period - Shot Misses the Net.
12:46 of 2nd period - Shot by Maxime Talbot.
12:46 of 2nd period - Stopped by Thomas Greiss without a rebound.
12:47 of 2nd period - Brad Richards wins face-off versus Mark Arcobello in RedWings zone.
13:11 of 2nd period - Icing by Chris Summers.
13:12 of 2nd period - Henrik Sedin wins face-off versus Mark Arcobello in RedWings zone.
13:29 of 2nd period - Shot by Alexandre Burrows.
13:29 of 2nd period - Shot Misses the Net.
14:15 of 2nd period - Luca Sbisa is hit by Andrew Cogliano and loses puck.
14:24 of 2nd period - Shot by Sean Bergenheim.
14:24 of 2nd period - Stopped by Alex Stalock without a rebound.
14:25 of 2nd period - Brad Richards wins face-off versus Joe Thornton in Lightning zone.
14:25 of 2nd period - Brad Richards is hit by Alexandre Burrows.
14:32 of 2nd period - Off-side.
14:33 of 2nd period - Brad Richards wins face-off versus Casey Cizikas in neutral zone.
15:41 of 2nd period - Shot by Maxime Talbot.
15:41 of 2nd period - Shot Blocked by Keith Yandle.
15:50 of 2nd period - Shot by Tomas Plekanec.
15:50 of 2nd period - Stopped by Thomas Greiss with a rebound.
15:54 of 2nd period - Shot by Maxime Talbot.
15:54 of 2nd period - Shot Misses the Net.
17:32 of 2nd period - Icing by Paul Martin.
17:33 of 2nd period - Mark Arcobello wins face-off versus Brad Richards in RedWings zone.
17:33 of 2nd period - Mark Arcobello is hit by Teddy Purcell.
18:13 of 2nd period - Shot by Teddy Purcell.
18:13 of 2nd period - Stopped by Thomas Greiss without a rebound.
18:14 of 2nd period - Joe Thornton wins face-off versus Maxim Lapierre in RedWings zone.
18:46 of 2nd period - Minor Penalty to Alexandre Burrows for Hooking.
18:47 of 2nd period - Henrik Sedin wins face-off versus Joe Thornton in RedWings zone.
18:55 of 2nd period - Icing by Henrik Sedin.
18:56 of 2nd period - Joe Thornton wins face-off versus Henrik Sedin in Lightning zone.
19:06 of 2nd period - Joe Thornton is hit by Brent Seabrook and loses puck.
19:19 of 2nd period - Shot by Patrick Kane.
19:19 of 2nd period - Shot Misses the Net.
19:21 of 2nd period - Shot by Curtis Glencross.
19:21 of 2nd period - Stopped by Thomas Greiss without a rebound.
19:22 of 2nd period - Brad Richards wins face-off versus Ondrej Palat in RedWings zone.
19:52 of 2nd period - Shot by Brad Richards.
19:52 of 2nd period - Shot Misses the Net.
19:54 of 2nd period - Shot by Teddy Purcell.
19:54 of 2nd period - Stopped by Thomas Greiss with a rebound.
19:56 of 2nd period - Shot by Luca Sbisa.
19:56 of 2nd period - Stopped by Thomas Greiss with a rebound.
19:58 of 2nd period - Shot by Cam Atkinson.
19:58 of 2nd period - Stopped by Thomas Greiss without a rebound.
19:59 of 2nd period - Andrew Cogliano wins face-off versus Henrik Sedin in RedWings zone.
19:59 of 2nd period - Keith Yandle is hit by Curtis Glencross and loses puck.
Goals for this period are 2 for RedWings vs 0 for Lightning.
Shots for this period are 12 for RedWings vs 10 for Lightning.

3rd period


0:01 of 3rd period - Patrick Kane wins face-off versus Andrew Cogliano in neutral zone.
0:52 of 3rd period - Off-side.
0:53 of 3rd period - Casey Cizikas wins face-off versus Cam Atkinson in neutral zone.
0:58 of 3rd period - Icing by Brad Richards.
0:59 of 3rd period - Casey Cizikas wins face-off versus Brad Richards in Lightning zone.
1:03 of 3rd period - Icing by Erik Gudbranson.
1:04 of 3rd period - Brad Richards wins face-off versus Joe Thornton in Lightning zone.
1:18 of 3rd period - Shot by Ondrej Palat.
1:18 of 3rd period - Stopped by Alex Stalock without a rebound.
1:19 of 3rd period - Henrik Sedin wins face-off versus Andrew Cogliano in Lightning zone.
1:19 of 3rd period - Henrik Sedin is hit by Sean Bergenheim.
1:24 of 3rd period - Icing by Henrik Sedin.
1:25 of 3rd period - Henrik Sedin wins face-off versus Joe Thornton in Lightning zone.
2:08 of 3rd period - Shot by Henrik Sedin.
2:08 of 3rd period - Stopped by Thomas Greiss without a rebound.
2:09 of 3rd period - Andrew Cogliano wins face-off versus Brad Richards in RedWings zone.
2:28 of 3rd period - Shot by Teddy Purcell.
2:28 of 3rd period - Shot Blocked by Paul Martin.
2:30 of 3rd period - Shot by Luca Sbisa.
2:30 of 3rd period - Shot Misses the Net.
2:46 of 3rd period - Shot by Teddy Purcell.
2:46 of 3rd period - Stopped by Thomas Greiss without a rebound.
2:47 of 3rd period - Mark Arcobello wins face-off versus Tomas Plekanec in RedWings zone.
3:12 of 3rd period - Icing by David Schlemko.
3:13 of 3rd period - Tomas Plekanec wins face-off versus Casey Cizikas in Lightning zone.
4:01 of 3rd period - Brent Seabrook is hit by Casey Cizikas and loses puck.
4:29 of 3rd period - Shot by Ondrej Palat.
4:29 of 3rd period - Stopped by Alex Stalock without a rebound.
4:30 of 3rd period - Joe Thornton wins face-off versus Brad Richards in Lightning zone.
4:38 of 3rd period - Cam Atkinson is hit by Alexandre Burrows and loses puck.
5:08 of 3rd period - Shot by Ondrej Palat.
5:08 of 3rd period - Deflect By Joe Thornton.
5:08 of 3rd period - Stopped by Alex Stalock without a rebound.
5:09 of 3rd period - Andrew Cogliano wins face-off versus Maxim Lapierre in Lightning zone.
5:20 of 3rd period - Shot by Eric Brewer.
5:20 of 3rd period - Stopped by Alex Stalock without a rebound.
5:21 of 3rd period - Patrick Kane wins face-off versus Mark Arcobello in Lightning zone.
5:23 of 3rd period - Scott Hannan is hit by Alexandre Burrows and loses puck.
6:05 of 3rd period - Icing by Jake Gardiner.
6:06 of 3rd period - Brad Richards wins face-off versus Mark Arcobello in RedWings zone.
6:13 of 3rd period - Shot by Brad Richards.
6:13 of 3rd period - Stopped by Thomas Greiss without a rebound.
6:14 of 3rd period - Andrew Cogliano wins face-off versus Brad Richards in RedWings zone.
7:20 of 3rd period - Sean Bergenheim is hit by Curtis Glencross and loses puck.
7:40 of 3rd period - Icing by Eric Brewer.
7:41 of 3rd period - Andrew Cogliano wins face-off versus Tomas Plekanec in RedWings zone.
8:46 of 3rd period - Jason Chimera is hit by Chris Summers and loses puck.
9:05 of 3rd period - Shot by Patrick Kane.
9:05 of 3rd period - Stopped by Thomas Greiss without a rebound.
9:06 of 3rd period - Casey Cizikas wins face-off versus Brad Richards in RedWings zone.
9:25 of 3rd period - Shot by Cam Atkinson.
9:25 of 3rd period - Shot Misses the Net.
9:59 of 3rd period - Shot by Alexandre Burrows.
9:59 of 3rd period - Shot Blocked by Brad Richards.
10:01 of 3rd period - Shot by Alexandre Burrows.
10:01 of 3rd period - Stopped by Alex Stalock without a rebound.
10:02 of 3rd period - Henrik Sedin wins face-off versus Joe Thornton in Lightning zone.
10:19 of 3rd period - Icing by Brent Seabrook.
10:20 of 3rd period - Casey Cizikas wins face-off versus Henrik Sedin in Lightning zone.
10:24 of 3rd period - Icing by Brent Seabrook.
10:25 of 3rd period - Casey Cizikas wins face-off versus Henrik Sedin in Lightning zone.
10:26 of 3rd period - Shot by Tyler Toffoli.
10:26 of 3rd period - Shot Misses the Net.
10:54 of 3rd period - Shot by Andrej Sekera.
10:54 of 3rd period - Shot Misses the Net.
11:09 of 3rd period - Icing by Jake Gardiner.
11:10 of 3rd period - Maxim Lapierre wins face-off versus Casey Cizikas in RedWings zone.
11:10 of 3rd period - Maxim Lapierre is hit by Jake Gardiner.
11:14 of 3rd period - Shot by Erik Gudbranson.
11:14 of 3rd period - Deflect By Maxim Lapierre.
11:14 of 3rd period - Stopped by Thomas Greiss without a rebound.
11:15 of 3rd period - Brad Richards wins face-off versus Joe Thornton in RedWings zone.
11:15 of 3rd period - Cam Atkinson is hit by Eric Brewer and loses puck.
11:35 of 3rd period - Minor Penalty to Alexandre Burrows for Roughing.
11:36 of 3rd period - Andrew Cogliano wins face-off versus Henrik Sedin in RedWings zone.
11:53 of 3rd period - Shot by Patrick Kane.
11:53 of 3rd period - Shot Blocked by Eric Brewer.
11:55 of 3rd period - Shot by Curtis Glencross.
11:55 of 3rd period - Stopped by Thomas Greiss without a rebound.
11:56 of 3rd period - Andrew Cogliano wins face-off versus Brad Richards in RedWings zone.
12:17 of 3rd period - Shot by Cam Atkinson.
12:17 of 3rd period - Shot Blocked by Keith Yandle.
12:19 of 3rd period - Shot by Erik Gudbranson.
12:19 of 3rd period - Shot Misses the Net.
12:29 of 3rd period - Shot by Luca Sbisa.
12:29 of 3rd period - Stopped by Thomas Greiss without a rebound.
12:30 of 3rd period - Henrik Sedin wins face-off versus Joe Thornton in RedWings zone.
12:34 of 3rd period - Patrick Kane is hit by Eric Gryba and loses puck.
12:44 of 3rd period - Icing by Andrej Sekera.
12:45 of 3rd period - Joe Thornton wins face-off versus Henrik Sedin in Lightning zone.
13:54 of 3rd period - Shot by Chris Summers.
13:54 of 3rd period - Stopped by Alex Stalock without a rebound.
13:55 of 3rd period - Brad Richards wins face-off versus Casey Cizikas in Lightning zone.
14:00 of 3rd period - Shot by Cam Atkinson.
14:00 of 3rd period - Deflect By Brad Richards.
14:00 of 3rd period - Stopped by Thomas Greiss with a rebound.
14:14 of 3rd period - Shot by Brad Richards.
14:14 of 3rd period - Shot Misses the Net.
15:13 of 3rd period - Shot by Tomas Plekanec.
15:13 of 3rd period - Deflect By Jason Chimera.
15:13 of 3rd period - Shot Misses the Net.
15:15 of 3rd period - Shot by Brent Seabrook.
15:15 of 3rd period - Stopped by Thomas Greiss without a rebound.
15:16 of 3rd period - Henrik Sedin wins face-off versus Joe Thornton in RedWings zone.
15:17 of 3rd period - Shot by Patrick Kane.
15:17 of 3rd period - Stopped by Thomas Greiss without a rebound.
15:18 of 3rd period - Henrik Sedin wins face-off versus Joe Thornton in RedWings zone.
15:21 of 3rd period - Shot by Patrick Kane.
15:21 of 3rd period - Stopped by Thomas Greiss with a rebound.
15:23 of 3rd period - Shot by Patrick Kane.
15:23 of 3rd period - Deflect By Curtis Glencross.
15:23 of 3rd period - Shot Misses the Net.
15:25 of 3rd period - Shot by Patrick Kane.
15:25 of 3rd period - Stopped by Thomas Greiss without a rebound.
15:26 of 3rd period - Andrew Cogliano wins face-off versus Henrik Sedin in RedWings zone.
15:52 of 3rd period - Minor Penalty to Curtis Glencross for Hooking.
15:53 of 3rd period - Joe Thornton wins face-off versus Henrik Sedin in Lightning zone.
16:04 of 3rd period - Henrik Sedin is hit by Ondrej Palat and loses puck.
18:28 of 3rd period - David Schlemko is hit by Alexandre Burrows and loses puck.
19:01 of 3rd period - Lightning, Alex Stalock is pulled from the net.
19:56 of 3rd period - Shot by Henrik Sedin.
19:56 of 3rd period - Shot Misses the Net.
19:58 of 3rd period - Shot by Andrej Sekera.
19:58 of 3rd period - Stopped by Thomas Greiss without a rebound.
19:59 of 3rd period - Henrik Sedin wins face-off versus Joe Thornton in RedWings zone.
Goals for this period are 0 for RedWings vs 0 for Lightning.
Shots for this period are 6 for RedWings vs 13 for Lightning.


Output by the SimonT Hockey Simulator (STHS) for Stephane Roy -- Original Page W3C XHTML 1.0 Valid
Hockey Simulator - Hockey Simulation - Hockey Manager